 Dungeon Crawl Stone Soup version 0.29-a0-474-gdfe5cd140f (webtiles) character file.

Game seed: 5044989107925707358

114 grumblor the Skirmisher (level 4, -4/24 HPs)
             Began as a Vine Stalker Fighter on May 24, 2022.
             Slain by a gnoll
             ... wielding a +0 club
              (5 damage)
             ... on level 3 of the Dungeon.
             The game lasted 00:03:35 (2374 turns).

grumblor the Skirmisher (Vine Stalker Fighter)      Turns: 2374, Time: 00:03:36

Health: -4/24      AC:  6    Str: 21    XL:     4   Next: 97%
Magic:  0/5        EV:  9    Int:  8    God:
Gold:   166        SH:  4    Dex: 13    Spells: 3/3 levels left

rFire   . . .      SeeInvis .   a - +0 war axe
rCold   . . .      Faith    .   c - +0 buckler
rNeg    . . .      Spirit   +   b - +0 scale mail
rPois   .          Reflect  .   (no helmet)
rElec   .          Harm     .   (no cloak)
rCorr   .          Rampage  .   (no gloves)
Will    .....                   (no boots)
Stlth   ..........              (no amulet)
HPRegen 0.88/turn               (no ring)
MPRegen 0.09/turn               (no ring)

@: no status effects
A: fangs 2, regeneration 1, magic shield, antimagic bite, no potion heal 2
a: no special abilities


You were on level 3 of the Dungeon.
You visited 1 branch of the dungeon, and saw 3 of its levels.

You collected 166 gold pieces.

Inventory:

Hand Weapons
 a - a +0 war axe (weapon)
Missiles
 i - 5 poisoned darts (quivered)
Armour
 b - a +0 scale mail (worn)
 c - a +0 buckler (worn)
Jewellery
 f - a ring of ice
Wands
 n - a wand of paralysis (6)
Scrolls
 g - a scroll of teleportation
Potions
 d - a potion of might
 e - a potion of berserk rage {unknown}
 h - a potion of curing {unknown}
 j - a potion of brilliance
 m - a potion of mutation {unknown}


   Skills:
 + Level 3.2 Fighting
 + Level 2.7 Axes
 + Level 3.0 Armour
 * Level 1.3 Dodging
 + Level 3.1 Shields


You had 3 spell levels left.
You didn't know any spells.
Your spell library contained the following spells:

 Spells                   Type           Power      Damage    Failure   Level
 Leda's Liquefaction      Hex/Erth       0%         N/A       100%        4
 Lee's Rapid Deconstruct  Erth           0%         3d5*      100%        5
 Statue Form              Tmut/Erth      0%         N/A       100%        6


Dungeon Overview and Level Annotations

Branches:
Dungeon (3/15)

Altars:


Innate Abilities, Weirdness & Mutations

You have extremely sharp teeth.
Your natural rate of healing is unusually fast.
When hurt, damage is shared between your health and your magic reserves.
Your bite disrupts and absorbs the magic of your enemies.
Potions cannot restore your health.


Message History

The gnoll is severely wounded.
The gnoll hits you but does no damage.
The gnoll hits you from afar with a +0 spear.
Unknown command.
You slash the gnoll!
The gnoll is almost dead.
You closely miss the gnoll. You block the gnoll's attack.
The gnoll hits you from afar with a +0 spear.
* * * LOW HITPOINT WARNING * * *
The gnoll barely misses you. The gnoll closely misses you. x2
The gnoll hits you but does no damage. The gnoll attacks as you move away!
The gnoll hits you with a +0 club.
* * * LOW HITPOINT WARNING * * *
The gnoll attacks as you move away! The gnoll hits you with a +0 club.
* * * LOW HITPOINT WARNING * * *
Things that are here:
23 stones; a kobold corpse The gnoll attacks as you move away!
You block the gnoll's attack. The gnoll attacks as you move away!
The gnoll closely misses you. The gnoll attacks as you move away!
The gnoll barely misses you. The gnoll attacks as you move away!
The gnoll hits you with a +0 club.
* * * LOW HITPOINT WARNING * * *
The gnoll attacks as you move away! You block the gnoll's attack.
The gnoll attacks as you move away! The gnoll hits you with a +0 club.
The gnoll attacks as you move away! The gnoll hits you with a +0 club.
* * * LOW HITPOINT WARNING * * *
The gnoll attacks as you move away! You block the gnoll's attack.
You slash the gnoll!
You kill the gnoll!
Your Armour skill increases to level 3!
The gnoll hits you with a +0 club.
* * * LOW HITPOINT WARNING * * *
The gnoll hits you with a +0 spear.
* * * LOW HITPOINT WARNING * * *
You hit the gnoll.
The gnoll is moderately wounded.
You hit the gnoll. The gnoll hits you with a +0 spear.
* * * LOW HITPOINT WARNING * * *
The gnoll hits you with a +0 club.
You die...

≈≈≈≈≈≈≈≈≈≈≈≈≈≈≈≈≈≈≈≈≈≈≈.....≈≈≈≈≈
≈≈≈≈≈≈≈≈≈≈≈≈≈≈≈≈≈≈≈≈≈≈......≈≈≈≈≈
≈≈≈≈≈≈≈≈≈≈≈≈≈≈≈≈≈≈≈≈≈≈≈....≈≈≈≈≈≈
########################''#######
..............#.......#....#,,,,,
.....)).......'.......#....#,,,,,
.....(........#########.(..##****
...########.....g....#..(...#..,,
...# #..(.g@....'......'...,
...########..........#......#...,
.............)#########....#####*
..............).......#....#,,,,,
..............#.......#....#,,,,,
############################*****
≈≈≈≈≈≈≈≈≈≈≈≈≈≈≈≈≈≈≈≈≈≈≈≈≈≈≈≈≈≈≈≈≈
≈≈≈≈≈≈≈≈≈≈≈≈≈≈≈≈≈≈≈≈≈≈≈≈≈≈≈≈≈≈≈≈≈
*≈≈≈≈≈≈≈≈≈≈≈≈≈≈≈≈≈≈≈≈≈≈≈≈≈≈≈≈≈≈≈≈


You could see 2 gnolls.

Vanquished Creatures
  2 gnolls (D:3)
  An adder (D:2)
  5 worms
  7 bats
  6 endoplasms
  4 giant cockroaches
  5 goblins
  3 hobgoblins
  7 jackals
  2 quokkas (D:2)
  4 ball pythons
  2 frilled lizards
  14 kobolds
  A rat (D:1)
63 creatures vanquished.

Notes
Turn   | Place    | Note
-------+----------+-------------------------------------------
     0 | D:1      | grumblor the Vine Stalker Fighter began the quest for the
                  | Orb.
     0 | D:1      | Reached XP level 1. HP: 11/11 MP: 2/2
   302 | D:1      | Found a faded altar of an unknown god.
   360 | D:1      | Reached XP level 2. HP: 16/16 MP: 3/3
   918 | D:2      | Reached XP level 3. HP: 14/19 MP: 4/4
  1535 | D:2      | Reached skill level 1 in Dodging
  1908 | D:3      | Gained mutation: Your natural rate of healing is unusually
                  | fast. [Vine Stalker growth]
  1908 | D:3      | Reached XP level 4. HP: 18/24 MP: 3/5
  2374 | D:3      | HP: 1/24 [gnoll/+0 spear (5)]
  2374 | D:3      | Slain by a gnoll

Illustrated notes

Levels and vault maps discovered:
D:1:      tarquinn_simple_flora_water_a, layout_rooms,
          shapermc_ecumenical_altar_mp_highgroup, dreamdust_wishing_well,
          chequers_serial_rivers_large_b
D:2:      layout_loops_ring, minmay_tree_intersection, grunt_decor_arrowhead,
          minmay_three_crescents
D:3:      minmay_goblin_kobold_castle, layout_basic, kennysheep_orc_sif_temple

Skill      XL: |  1  2  3  4 |
---------------+-------------+-----
Axes           | 2 |  2.7
Shields        | 3 |  3.1
Fighting       | 3 |  3.2
Dodging        | 1 |  1.3
Armour         | 3 |  3.0

Action                   |  1- 3 |  4- 6 || total
-------------------------+-------+-------++-------
Melee: War axe           |    81 |    66 ||   147
       Bite              |    18 |    11 ||    29
  Use: Scroll            |     6 |     3 ||     9
Armor: Scale mail        |    34 |    29 ||    63
Dodge: Dodged            |    47 |    37 ||    84
Block: Buckler           |    17 |    22 ||    39

Table legend: (Time is in decaauts)
 A = Elapsed time spent in this place.
 B = Non-inter-level travel time spent in this place.
 C = Inter-level travel time spent in this place.
 D = Time resting spent in this place.
 E = Time spent auto-exploring this place.
 F = Levels seen in this place.
 G = Mean time per level.
                   A        B        C        D        E       F      G
               +--------+--------+--------+--------+--------+-----+--------+
         Total |   2483 |   2419 |     64 |     68 |   1914 |   3 |  827.7 |
       Dungeon |   2483 |   2419 |     64 |     68 |   1914 |   3 |  827.7 |
               +--------+--------+--------+--------+--------+-----+--------+

Top non-repeatable levels by time:
     D:2: 1242 daAuts
     D:1: 664 daAuts
     D:3: 576 daAuts
